Map: Dusk Towers

Players

hyrican - Winner!

  • Race: Protoss Protoss
  • League: Gold
  • Spawn Location: 7:00

Fropez

  • Race: Protoss Protoss
  • League: Silver
  • Spawn Location: 1:00

VOD

Have the link to the VOD?

Description

Time

  • Played on: July 9, 2016, 11:22 a.m.
  • Length: 4:31
Show
View Real Time Build Order
Export as new Build Order

hyrican Protoss - Winner!

Build Orders: Oracle Opening 

Get SALT Encoding   

  12  0:03  Probe (Chrono Boost)  
  13  0:18  Pylon, Probe (Chrono Boost)  
  14  0:29  Probe (Chrono Boost)  
  15  0:39  Probe (Chrono Boost)  
  16  0:42  Gateway  
  16  0:48  Assimilator  
  17  0:50  Probe (Chrono Boost)  
  17  1:00  Probe (Chrono Boost)  
  18  1:06  Gateway  
  18  1:11  Probe (Chrono Boost)  
  19  1:21  Probe (Chrono Boost)  
  19  1:24  Pylon  
  20  1:32  Probe (Chrono Boost), Cybernetics Core  
  21  1:42  Probe (Chrono Boost)  
  21  1:43  Assimilator  
  22  1:53  Probe (Chrono Boost)  
  23  2:03  Probe (Chrono Boost)  
  24  2:09  Pylon  
  24  2:12  Adept x2  
  24  2:14  Warp Gate  
  28  2:24  Probe (Chrono Boost)  
  29  2:35  Stargate  
  29  2:36  Probe (Chrono Boost)  
  30  2:42  Stalker  
  32  2:46  Probe (Chrono Boost)  
  33  2:56  Stalker  
  35  3:06  Nexus  
  35  3:18  Pylon  
  35  3:19  Oracle (Chrono Boost)  
Show
View Real Time Build Order
Export as new Build Order

Fropez Protoss 

Build Orders: Oracle Opening 

Get SALT Encoding   

  12  0:02  Probe (Chrono Boost)  
  13  0:15  Pylon  
  13  0:18  Probe (Chrono Boost)  
  14  0:34  Gateway  
  14  0:36  Probe (Chrono Boost)  
  15  0:43  Assimilator  
  15  0:46  Probe (Chrono Boost)  
  16  0:59  Pylon, Probe (Chrono Boost)  
  17  1:12  Gateway  
  17  1:15  Probe (Chrono Boost)  
  18  1:24  Cybernetics Core  
  18  1:28  Probe (Chrono Boost)  
  19  1:41  Probe (Chrono Boost)  
  20  1:51  Pylon  
  20  1:52  Probe (Chrono Boost)  
  21  2:02  Probe (Chrono Boost)  
  22  2:09  Stargate  
  22  2:13  Probe (Chrono Boost)  
  23  2:25  Probe (Chrono Boost), Assimilator  
  24  2:40  Adept x2  
  28  2:44  Probe (Chrono Boost)  
  29  2:55  Probe  
  30  3:04  Oracle (Chrono Boost)  
  33  3:23  Probe  
  33  3:26  Nexus  
  34  3:29  Assimilator  
  34  3:33  Adept, Assimilator  
  27  4:11  Probe  
Tags
 
Add a new tag
Caveats
  • Supply blocks, unpowered buildings, or Contaminate may cause inaccurate times.
  • Supply counts are checked every 10 seconds.